 Dungeon Crawl Stone Soup version 0.30.1-11-g7821555f0a (webtiles) character file.

Game seed: 3768421275751734753

63 Martska the Trooper (level 4, 0/48 HPs)
             Began as an Ogre Gladiator on Dec 14, 2023.
             Slain by a goblin
             ... wielding a +0 club
              (3 damage)
             ... on level 2 of the Dungeon.
             The game lasted 00:02:07 (1809 turns).

Martska the Trooper (Ogre Gladiator)                Turns: 1809, Time: 00:02:07

Health: 0/48       AC:  3    Str: 20    XL:     4   Next: 10%
Magic:  4/4        EV: 10    Int:  9    God:
Gold:   72         SH:  0    Dex: 10    Spells: 3/3 levels left

rFire   . . .        a - +0 flail
rCold   . . .        (no shield)
rNeg    . . .        b - +0 robe
rPois   .            c - +0 hat
rElec   .            (no cloak)
rCorr   .            (gloves unavailable)
SInv    .            (boots unavailable)
Will    .....        (no amulet)
Stlth   +            (no ring)
HPRegen 0.28/turn    (no ring)
MPRegen 0.09/turn

%: no passive effects
@: no status effects
A: large, unfitting armour, tough skin 1
a: no special abilities


You were on level 2 of the Dungeon.
You visited 1 branch of the dungeon, and saw 3 of its levels.

You collected 72 gold pieces.

Inventory:

Hand Weapons
 a - a +0 flail (weapon)
Missiles
 d - 3 throwing nets
 e - 4 large rocks (quivered)
Armour
 b - a +0 robe (worn)
 c - a +0 hat (worn)
Jewellery
 g - a ring of ice
 n - a +6 ring of intelligence
 o - a +5 ring of evasion
Scrolls
 i - a scroll of teleportation {unknown}
 k - a scroll of acquirement {unknown}
 l - a scroll of blinking {unknown}
 p - 2 scrolls of vulnerability {unknown}
Potions
 f - 2 potions of magic {unknown}
 h - a potion of attraction {unknown}
 j - 2 potions of mutation {unknown}
 m - a potion of haste {unknown}
 q - 2 potions of curing {unknown}
 r - a potion of flight {unknown}


   Skills:
 * Level 3.9 Fighting
 * Level 3.3 Maces & Flails
 - Level 2.0 Throwing
 * Level 3.3 Dodging


You had 3 spell levels left.
You didn't know any spells.
Your spell library was empty.

Dungeon Overview and Level Annotations

Branches:
Dungeon (3/15)

Altars:


Innate Abilities, Weirdness & Mutations

You are too large for most types of armour.
You have tough skin. (AC +1)


Message History

You are too injured to fight recklessly!
You are too injured to fight recklessly!
You are too injured to fight recklessly!
You are too injured to fight recklessly!
You are too injured to fight recklessly!
You are too injured to fight recklessly!
You are too injured to fight recklessly!
The goblin hits you with a +0 club. The kobold attacks as you move away!
The kobold hits you with a +0 dagger.
There is a stone staircase leading up here.
The kobold barely misses you. The goblin hits you but does no damage.
You climb upwards.
There is a stone staircase leading down here.
You hit the kobold but do no damage. The goblin hits you with a +0 club.
The kobold hits you with a +0 dagger.
* * * LOW HITPOINT WARNING * * *
You closely miss the kobold. The goblin hits you with a +0 club.
* * * LOW HITPOINT WARNING * * *
The kobold hits you with a +0 dagger.
* * * LOW HITPOINT WARNING * * *
You miss the kobold. The goblin misses you.
The kobold hits you but does no damage.
You closely miss the kobold. The goblin misses you.
The kobold hits you but does no damage. The goblin hits you with a +0 club.
* * * LOW HITPOINT WARNING * * *
The kobold closely misses you.
You closely miss the kobold. The goblin barely misses you.
The kobold hits you with a +0 dagger.
* * * LOW HITPOINT WARNING * * *
You hit the kobold but do no damage. The goblin hits you with a +0 club.
* * * LOW HITPOINT WARNING * * *
The kobold closely misses you.
You barely miss the kobold. The goblin hits you with a +0 club.
* * * LOW HITPOINT WARNING * * *
The kobold hits you but does no damage.
You sock the kobold!
You kill the kobold!
The goblin hits you but does no damage.
You closely miss the goblin. The goblin hits you with a +0 club.
You die...

..†..####..............<.........
...............##..#.###.#.......
.....###.[........##>.##.#.......
....................<............
.....###............##.#.#.##..[.
..#### #.........................
..# #.........####............
..# #........).##..<..........
### #........@................
##.......g.###.............
#####..........###.............
###.....##########...#...#.......
........###........###...#......#
........#...########...........##
..........### ####.....#.....#
........### #..............##
........# #.###.....#######


You could see a goblin.

Vanquished Creatures
  An adder (D:2)
  2 worms (D:2)
  4 dart slugs
  5 endoplasms
  A giant cockroach (D:2)
  2 goblins (D:1)
  3 hobgoblins
  3 quokkas (D:1)
  3 ball pythons
  3 bats
  3 frilled lizards
  4 kobolds
  6 rats
40 creatures vanquished.

Notes
Turn   | Place    | Note
-------+----------+-------------------------------------------
     0 | D:1      | Martska the Ogre Gladiator began the quest for the Orb.
     0 | D:1      | Reached XP level 1. HP: 22/22 MP: 1/1
   166 | D:1      | Reached XP level 2. HP: 31/31 MP: 2/2
   980 | D:2      | Reached XP level 3. HP: 16/37 MP: 3/3
  1268 | D:2      | You fall into a shaft and drop 1 floor!
  1695 | D:2      | Reached XP level 4. HP: 42/48 MP: 4/4
  1807 | D:2      | HP: 2/48 [goblin/+0 club (2)]
  1809 | D:2      | Slain by a goblin

Illustrated notes

Levels and vault maps discovered:
D:1:      saegor_arrival_simple_c, layout_loops_corners
D:2:      layout_rooms
D:3:      layout_rooms, nicolae_dithmenos_through_a_glass_darkly, serial_shops,
          shop, minivault_23, uniq_natasha

Skill      XL: |  1  2 |
---------------+-------+-----
Fighting       | 3 |  3.9
Maces & Flails | 3 |  3.3
Dodging        | 3 |  3.3
Throwing       | |  2.0

Action                     |  1- 3 |  4- 6 || total
---------------------------+-------+-------++-------
  Melee: Flail             |    96 |    21 ||   117
  Throw: Large rock        |     2 |       ||     2
 Armour: Robe              |    35 |     9 ||    44
  Dodge: Dodged            |    63 |    15 ||    78
